 Dungeon Crawl Stone Soup version 0.25-a0-265-g7af84ae (webtiles) character file.

Game seed: 17978585391054560593, levelgen mode: deterministic

1059 HungryMoth the Distorting Ant (level 8, -16/62 HPs)
             Began as a Formicid Abyssal Knight on Dec 9, 2019.
             Was a Believer of Lugonu.
             Demolished by an orc wizard
             ... wielding a +0 dagger of electrocution
              (19 damage)
             ... on level 5 of the Dungeon.
             The game lasted 00:11:16 (4346 turns).

HungryMoth the Distorting Ant (FoAK)                Turns: 4346, Time: 00:11:17

Health: -16/62     AC: 12    Str: 18    XL:     8   Next: 52%
Magic:  12/12      EV:  8    Int: 13    God:    Lugonu [**....]
Gold:   104        SH:  0    Dex: 10    Spells: 7/7 levels left

rFire    . . .     SeeInvis +   z - +5 long sword of the Tomato {slice, rPois}
rCold    . . .     Gourm    .   (no shield)
rNeg     + . .     Faith    .   e - +0 chain mail
rPois    +         Spirit   .   (helmet unavailable)
rElec    .         Reflect  .   s - +1 cloak
rCorr    .         Harm     .   (no gloves)
MR       +....                  (no boots)
Stlth    ..........             (no amulet)
HPRegen  0.20/turn              l - ring of protection from magic
MPRegen  0.13/turn              y - ring of positive energy

@: no status effects
A: permanent stasis, dig shafts and tunnels, four strong arms, antennae 3
a: Dig, Shaft Self, Depart the Abyss, Bend Space, Renounce Religion


You were on level 5 of the Dungeon.
You worshipped Lugonu.
Lugonu was pleased with you.
You were hungry.

You visited 1 branch of the dungeon, and saw 5 of its levels.
You visited the Abyss 1 time.

You collected 227 gold pieces.
You spent 123 gold pieces at shops.

Inventory:

Hand Weapons
 a - a +1 spear
 u - a +4 quarterstaff of chaos
 z - the +5 long sword of the Tomato (weapon) {slice, rPois}
   (You found it on level 5 of the Dungeon)

   It inflicts extra damage upon your enemies.
   It protects you from poison.
Armour
 e - a +0 chain mail (worn)
 s - a +1 cloak (worn)
 A - a +0 pair of boots
Jewellery
 l - a ring of protection from magic (left hand)
 y - a ring of positive energy (right hand)
Wands
 n - a wand of iceblast (8)
 w - a wand of paralysis (8)
Scrolls
 j - 2 scrolls of identify {unknown}
 p - a scroll of immolation {unknown}
 q - 2 scrolls of amnesia
 r - a scroll of remove curse {unknown}
 x - a scroll of enchant armour {unknown}
Potions
 f - a potion of resistance {unknown}
 g - a potion of magic {unknown}
 h - a potion of invisibility {unknown}
 k - 3 potions of degeneration {unknown}
 m - 3 potions of curing {unknown}
 o - a potion of haste {unknown}
 t - 2 potions of lignification
Comestibles
 c - 6 rations
 B - 5 chunks of flesh


   Skills:
 - Level 5.0 Fighting
 + Level 0.2 Long Blades
 - Level 4.0 Polearms
 - Level 5.1 Armour
 * Level 4.2 Dodging
 * Level 6.0 Invocations


You had 7 spell levels left.
You didn't know any spells.
Your spell library was empty.

Dungeon Overview and Level Annotations

Branches:
Dungeon (5/15)
 Temple: D:4-7

Altars:
Elyvilon
Fedhas
Gozag
Yredelemnul

Shops:
D:4 *


Innate Abilities, Weirdness & Mutations

You cannot be hasted, slowed, berserked, paralysed or teleported.
You can dig through walls and to a lower floor.
Your four strong arms can wield two-handed weapons with a shield.
You have a pair of large antennae on your head. (SInv)


Message History

Things that are here:
a +0 whip; a +0 war axe; an orc corpse You butcher the orc corpse.
Items here: % )) รท a +0 whip; a +0 war axe; 3 chunks of flesh; an orc skeleton The orc wizard closely misses you.
The orc wizard hits you but does no damage.
You closely miss the orc wizard.
The orc wizard is moderately wounded.
The orc wizard hits you but does no damage.
You are electrocuted!!
* * * LOW HITPOINT WARNING * * *
The orc wizard hits you but does no damage.
You are electrocuted!
* * * LOW HITPOINT WARNING * * *
You barely miss the orc wizard.
The orc wizard is moderately wounded.
The orc wizard hits you but does no damage.
You are electrocuted!!
You die...

..?.$$$..# . ....$_$..#.
.....$$..#.......
.................
#..#.....#....... #######
#.......#....... #.....#
#......#...... #.###.#
#....))#...# #.# #.# .
#..##..@o.## #####.###.# ..
.###.....# #.....##..# #..
#.........# #.#####..## ..#.
####.###..###.# #..##
#....######...##......####.##
.........#..#.......#...##.#
.......<......#####.###....#
..........#.#..#
#.........###
#........<#..#.#
#..######...#


You could see an orc wizard.

Vanquished Creatures
  Menkaure (D:4)
  3 phantoms (D:4)
  3 ogres (D:4)
  3 scorpions
  A hound (D:3)
  An orc priest (D:5)
  Crazy Yiuf (D:3)
  Jessica (D:2)
  A worker ant (D:4)
  8 adders
  A shadow imp (D:5)
  A worm (D:2)
  2 leopard geckos
  6 orcs (D:5)
  8 bats
  4 giant cockroaches
  3 goblins
  3 hobgoblins
  9 jackals
  2 quokkas
  5 frilled lizards
  4 kobolds
  A quokka skeleton (D:4)
  A quokka zombie (D:5)
  8 rats
81 creatures vanquished.

Notes
Turn   | Place    | Note
-------+----------+-------------------------------------------
     0 | Abyss:1  | HungryMoth the Formicid Abyssal Knight began the quest for
                  | the Orb.
     0 | Abyss:1  | Reached XP level 1. HP: 18/18 MP: 2/2
    62 | Abyss:1  | Found a corrupted altar of Lugonu.
    87 | Abyss:1  | Found a corrupted altar of Lugonu.
   126 | Abyss:1  | Found a corrupted altar of Lugonu.
   174 | Abyss:1  | Found a corrupted altar of Lugonu.
   230 | Abyss:1  | Noticed a neqoxec
   231 | D:1      | Escaped the Abyss
   247 | D:1      | Reached skill level 1 in Dodging
   420 | D:1      | Reached XP level 2. HP: 24/24 MP: 3/3
   510 | D:1      | Reached * piety under Lugonu
  1009 | D:2      | Reached XP level 3. HP: 29/29 MP: 4/4
  1144 | D:2      | Noticed Jessica
  1149 | D:2      | Killed Jessica
  1149 | D:2      | Reached XP level 4. HP: 37/37 MP: 4/6
  1153 | D:2      | Found a blossoming altar of Fedhas.
  1435 | D:2      | Found a basalt altar of Yredelemnul.
  1771 | D:3      | Reached skill level 3 in Invocations
  2189 | D:3      | Found a runed translucent door.
  2190 | D:3      | Noticed Crazy Yiuf
  2200 | D:3      | Killed Crazy Yiuf
  2200 | D:3      | Reached XP level 5. HP: 20/42 MP: 7/7
  2789 | D:4      | Noticed a phantom
  2812 | D:4      | Killed a phantom
  2812 | D:4      | Reached XP level 6. HP: 27/48 MP: 8/8
  3032 | D:4      | Found Keuqaxt's General Store.
  3069 | D:4      | Noticed an ogre
  3072 | D:4      | Noticed Menkaure
  3072 | D:4      | Noticed a phantom
  3121 | D:3      | Reached skill level 4 in Invocations
  3260 | D:4      | Noticed a phantom
  3271 | D:4      | Killed a phantom
  3271 | D:4      | Reached XP level 7. HP: 50/55 MP: 10/10
  3317 | D:4      | Killed Menkaure
  3317 | D:4      | Reached skill level 5 in Fighting
  3327 | D:4      | Bought a scroll of teleportation for 39 gold pieces
  3327 | D:4      | Bought a scroll of amnesia for 45 gold pieces
  3327 | D:4      | Bought a potion of lignification for 39 gold pieces
  3455 | D:4      | Reached skill level 5 in Invocations
  3455 | D:4      | Reached XP level 8. HP: 31/62 MP: 11/11
  3564 | D:4      | Found a white marble altar of Elyvilon.
  3885 | D:4      | Reached skill level 5 in Armour
  3995 | D:4      | Reached ** piety under Lugonu
  4222 | D:5      | Entered Level 5 of the Dungeon
  4235 | D:5      | Got a bloodstained long sword
  4243 | D:5      | Identified the +5 long sword of the Tomato {slice, rPois}
                  | (You found it on level 5 of the Dungeon)
  4253 | D:5      | Reached skill level 6 in Invocations
  4331 | D:5      | Found an opulent altar of Gozag.
  4345 | D:5      | HP: 3/62 [orc wizard/+0 dagger of electrocution (12)]
  4346 | D:5      | Demolished by an orc wizard

Levels and vault maps discovered:
D:1:      dpeg_arrival_pond, layout_loops_ring, chequers_serial_rivers_small_a,
          chequers_serial_rivers_small_3
D:2:      minmay_inner_zag, layout_loops_ring, nicolae_overflow_crystal_walls,
          minmay_misc_feat_hallway, fedhas_altar_1, uniq_jessica
D:3:      wander_river, layout_basic, first_ration, uniq_crazy_yiuf_cottage
D:4:      layout_rooms, elyvilon_altar_1, serial_shops,
          nicolae_shop_statue_plus, grunt_decor_resistance, uniq_menkaure
D:5:      layout_rooms, nicolae_gozag_seed_capital

Skill      XL: |  1  2  3  4  5  6  7  8 |
---------------+-------------------------+-----
Dodging        | 1 2 3 4 |  4.2
Invocations    | 3 4 5 6 |  6.0
Armour         | 3 4 5 |  5.1
Fighting       | 4 5 |  5.0
Polearms       | 3 4 |  4.0
Long Blades    | |  0.2

Action                   |  1- 3 |  4- 6 |  7- 9 || total
-------------------------+-------+-------+-------++-------
Melee: Spear             |   109 |    79 |       ||   188
       Quarterstaff      |       |    68 |    49 ||   117
       Long sword        |       |       |    22 ||    22
Invok: Depart the Abyss  |     1 |       |       ||     1
 Abil: Dig               |       |     2 |     1 ||     3
  Eat: Chunk             |     1 |     7 |     3 ||    11
Armor: Leather armour    |     5 |       |       ||     5
       Chain mail        |    49 |    74 |    41 ||   164
Dodge: Dodged            |    34 |    55 |    28 ||   117
       Rpst.: Long sword |       |       |     4 ||     4

Table legend:
 A = Non-vault XP
 B = Vault XP
 C = Vault XP percentage of total XP
 D = Non-vault monster count
 E = Vault monster count
 F = Vault count percentage of total count
                 A         B        C        D         E       F
            +---------+---------+-------+---------+---------+-------
      Total |    1248 |     266 |  17.6 |      73 |       8 |   9.9
            +---------+---------+-------+---------+---------+-------
        D:1 |      19 |       3 |  13.6 |      14 |       2 |  12.5
        D:2 |      17 |      43 |  71.7 |       9 |       4 |  30.8
        D:3 |     184 |      37 |  16.7 |      17 |       1 |   5.6
        D:4 |     823 |     183 |  18.2 |      22 |       1 |   4.3
        D:5 |     205 |       0 |   0.0 |      11 |       0 |   0.0
            +---------+---------+-------+---------+---------+-------
